 Dungeon Crawl Stone Soup version 0.12.2-34-gf45b194 (webtiles) character file.

194 Sachiko the Insei (level 4, -2/38 HPs)
             Began as a Naga Transmuter on Sept 9, 2013.
             Slain by a gnoll
             ... wielding a +0,+0 halberd
              (10 damage)
             ... on Level 3 of the Dungeon.
             The game lasted 00:11:06 (3102 turns).

Sachiko the Insei (Naga Transmuter)                 Turns: 3102, Time: 00:11:06

HP  -2/38        AC  2     Str 12      XL: 4   Next: 53%
MP   5/6         EV 10     Int 14      God:
Gold 106         SH  0     Dex 12      Spells:  1 memorised,  6 levels left

Res.Fire  : . . .   See Invis. : +     - Unarmed
Res.Cold  : . . .   Warding    : .   c - +0 robe
Life Prot.: . . .   Conserve   : .   (no shield)
Res.Poison: +       Res.Corr.  : .   (helmet restricted)
Res.Elec. : .       Clarity    : .   (no cloak)
Sust.Abil.: + .     Spirit.Shd : .   (no gloves)
Res.Mut.  : .       Stasis     : .   (no barding)
Res.Rott. : .       Ctrl.Telep.: .   (no amulet)
Saprovore : . . .   Flight     : .   (no ring)
                                     n - ring of sustain abilities

@: appendage (expiring), very slow, slightly resistant to hostile enchantments,
fairly stealthy
A: spit poison, horns 2, see invisible, deformed body, poison resistance,
slowness 2, AC +1
a: Spit Poison, End Transformation


You were on level 3 of the Dungeon.
You were very hungry.
You had grown temporary horns.
You visited 1 branch of the dungeon, and saw 3 of its levels.

You collected 86 gold pieces.

Inventory:

Missiles
 b - 12 arrows
Armour
 c - a +0 robe (worn)
 o - a +0 leather armour
Magical devices
 m - a wand of magic darts (5)
Comestibles
 a - a bread ration
Scrolls
 e - 3 scrolls of remove curse
 g - 5 scrolls of identify
 j - 3 scrolls of curse weapon {unknown}
 l - 2 scrolls of teleportation
Jewellery
 h - an uncursed ring of protection from cold {unknown}
 n - a ring of sustain abilities (left hand)
Potions
 f - a potion of slowing
Books
 d - a book of Changes

   Spells                             Type                      Level
   *Beastly Appendage                 Transmutation                1
   Sticks to Snakes                   Transmutation                2
   Spider Form                        Transmutation/Poison         3
   Ice Form                           Ice/Transmutation            4
   Blade Hands                        Transmutation                5


   Skills:
 - Level 1.0 Fighting
 + Level 2.5 Dodging
 + Level 1.4 Stealth
 + Level 3.7 Unarmed Combat
 + Level 2.3 Spellcasting
 + Level 2.4 Transmutations


You had 6 spell levels left.
You knew the following spells:

 Your Spells              Type           Power        Failure   Level  Hunger
a - Beastly Appendage     Trmt           ##.....      10%         1    #......


Dungeon Overview and Level Annotations

Branches:
Dungeon (3/27)

Altars:
Elyvilon
Okawaru


Innate Abilities, Weirdness & Mutations

You cannot wear boots.
You can spit poison.
Your serpentine skin is tough (AC +1).
You have supernaturally acute eyesight.
Armour fits poorly on your strangely shaped body.
Your system is resistant to poisons.
You cover ground very slowly.
You have a pair of horns on your head.


Message History

Things that are here:
a club; a glowing spear You hit the gnoll.
The gnoll is lightly wounded.
The gnoll picks up a club.
The gnoll wields a club.
You hit the gnoll.
The gnoll is heavily wounded.
The gnoll hits you with a club.
You barely miss the gnoll. Your headbutt misses the gnoll.
The gnoll is heavily wounded.
Your transformation is almost over.
You closely miss the gnoll. You headbutt the gnoll.
The gnoll is almost dead.
The gnoll barely misses you.
The gnoll hits you from afar with a halberd!
* * * LOW HITPOINT WARNING * * *
You hit the gnoll.
You kill the gnoll!
The gnoll hits you from afar with a halberd!
You die...

. #. #. #. #. #. #. #. #.
#. #. #. #? #.
###.###.#################.
...>....)@................
#######g##################
#. .. g.. ##### .... #....
.g##. #.### . #. #.# # .
#.# #


You could see a gnoll.

Vanquished Creatures
  3 adders
  A gnoll (D:3)
  4 giant geckos
  2 oozes (D:1)
  A giant cockroach (D:2)
  4 hobgoblins
  2 jackals (D:2)
  3 ball pythons
  4 bats
  5 giant newts
  3 goblins
  10 kobolds
  8 rats
50 creatures vanquished.

Vanquished Creatures (others)
  A kobold (D:1)
1 creature vanquished.

Grand Total: 51 creatures vanquished

Notes
Turn   | Place    | Note
--------------------------------------------------------------
     0 | D:1      | Sachiko, the Naga Transmuter, began the quest for the Orb.
     0 | D:1      | Reached XP level 1. HP: 18/18 MP: 1/1
   195 | D:1      | Reached XP level 2. HP: 2/25 MP: 0/3
   203 | D:1      | HP: 1/25 [rat (1)]
   805 | D:1      | Reached XP level 3. HP: 11/31 MP: 2/4
  2272 | D:3      | Found a white marble altar of Elyvilon.
  2376 | D:3      | Reached XP level 4. HP: 31/38 MP: 6/6
  2392 | D:3      | Found an iron altar of Okawaru.
  2620 | D:3      | Reached skill level 1 in Stealth
  3102 | D:3      | Slain by a gnoll

Action                   |  1- 3 |  4- 6 || total
-------------------------+-------+-------++-------
Melee: Unarmed           |   126 |    36 ||   162
 Cast: Beastly Appendage |    13 |     4 ||    17
 Abil: Spit Poison       |     7 |     1 ||     8
Evoke: Wand              |       |     1 ||     1
  Use: Scroll            |     5 |     5 ||    10
       Potion            |     5 |     1 ||     6
 Stab: Sleeping          |     1 |       ||     1
